Map: 카이로스 정션 - 래더

Players

Reynor - Winner!

  • Race: Zerg Zerg
  • League: Master
  • Spawn Location: 11:00

Clem

  • Race: Terran Terran
  • League: Grandmaster
  • Spawn Location: 5:00

Event: HomeStory Cup XIX

VOD

Have the link to the VOD?

Description

Time

  • Played on: June 27, 2019, 1:02 p.m.
  • Length: 7:05

All games in this series

Show
View Real Time Build Order
Export as new Build Order

Reynor Zerg - Winner!

Build Orders: Hatch First 

Get SALT Encoding   

  12  0:00  Drone  
  13  0:12  Overlord  
  13  0:16  Drone  
  14  0:30  Drone  
  14  0:31  Drone  
  16  0:48  Hatchery  
  15  0:52  Drone  
  15  0:55  Drone  
  17  0:58  Drone  
  18  1:10  Extractor  
  17  1:15  Spawning Pool  
  17  1:18  Drone  
  17  1:21  Drone  
  18  1:28  Drone  
  19  1:39  Drone  
  20  1:49  Overlord  
  20  2:02  Queen x2  
  20  2:03  Zergling x4  
  26  2:10  Drone  
  26  2:11  Drone  
  28  2:21  Spore Crawler  
  28  2:22  Zergling x2  
  28  2:23  Drone  
  28  2:29  Metabolic Boost  
  30  2:34  Zergling x2  
  31  2:37  Zergling x2  
  31  2:38  Queen  
  34  2:44  Zergling x4  
  36  2:54  Overlord  
  36  3:09  Overlord  
  36  3:12  Queen  
  38  3:13  Zergling x8  
  38  3:16  Zergling x4  
  44  3:23  Overlord  
  44  3:29  Zergling x6  
  44  3:33  Zergling x2  
  48  3:34  Queen  
  48  3:39  Overlord  
  50  3:42  Drone  
  51  3:48  Drone x2  
  51  3:49  Drone  
  54  3:57  Overlord  
  54  3:59  Zergling x4  
  54  4:01  Drone  
  57  4:03  Drone  
  57  4:08  Drone x2  
  60  4:14  Drone  
  61  4:20  Drone  
  61  4:23  Drone, Queen  
  65  4:26  Overlord  
  62  4:31  Zergling x6  
  62  4:37  Zergling x2  
  66  4:44  Zergling x2  
  66  4:45  Zergling x2  
  68  4:51  Zergling x6  
  68  4:52  Hatchery  
  70  4:57  Zergling x4  
  70  4:58  Zergling x2  
  73  5:03  Drone  
  74  5:12  Zergling x2  
  70  5:20  Zergling x4  
  69  5:23  Drone  
  69  5:25  Evolution Chamber  
  68  5:31  Baneling Nest, Overlord  
  68  5:34  Drone x4  
  71  5:36  Zergling x4  
  71  5:37  Drone, Queen  
  75  5:46  Zergling x2  
  75  5:47  Zergling x2  
  77  5:55  Queen  
  80  5:57  Zergling x2  
  80  6:04  Zergling x10  
  80  6:09  Zergling x6  
  80  6:10  Zergling x2  
  89  6:23  Zergling x6  
  91  6:26  Zergling x4  
  91  6:28  Baneling x6  
  93  6:33  Overlord x3  
  93  6:35  Zergling x2  
  93  6:37  Baneling  
  93  6:38  Zergling x4  
  98  6:43  Baneling  
Show
View Real Time Build Order
Export as new Build Order

Clem Terran 

Build Orders:  

Get SALT Encoding   

  12  0:01  SCV  
  13  0:13  SCV  
  14  0:17  Supply Depot  
  14  0:25  SCV  
  15  0:38  Barracks, SCV  
  16  0:44  Refinery  
  16  0:50  SCV  
  17  1:00  Barracks  
  17  1:03  SCV  
  18  1:25  Orbital Command  
  18  1:26  Reaper  
  18  1:32  Barracks  
  19  1:46  Reaper  
  20  1:48  Supply Depot  
  20  1:51  SCV  
  21  1:54  Refinery  
  21  2:03  SCV, Reaper  
  23  2:15  SCV  
  24  2:22  Reaper  
  25  2:27  SCV  
  26  2:31  Reaper  
  26  2:32  Supply Depot  
  27  2:39  SCV, Reaper  
  29  2:51  SCV  
  29  2:54  Reaper  
  29  2:58  Command Center  
  31  3:03  Reaper  
  32  3:09  Engineering Bay  
  32  3:11  Reaper  
  32  3:19  Supply Depot  
  32  3:22  SCV  
  32  3:26  Reaper  
  34  3:34  SCV  
  34  3:39  Reaper  
  36  3:46  Barracks  
  36  3:47  Reaper  
  36  3:48  Barracks  
  38  4:00  Refinery  
  38  4:01  Refinery, Reaper  
  39  4:03  Terran Infantry Weapons Level 1  
  38  4:11  Orbital Command  
  38  4:14  Reaper  
  39  4:20  SCV  
  39  4:23  Reaper  
  41  4:32  Marine, SCV  
  41  4:33  Reaper  
  41  4:37  Reaper  
  45  4:38  SCV  
  45  4:44  SCV  
  46  4:51  SCV, Reaper  
  46  4:52  Reaper  
  49  4:55  Reaper  
  49  4:56  SCV  
  50  5:03  Barracks  
  50  5:05  Reaper  
  51  5:09  Reaper  
  51  5:13  Barracks  
  47  5:23  Reaper  
  47  5:24  Reaper  
  47  5:27  Reaper  
  42  5:29  SCV x2  
  42  5:31  Supply Depot  
  43  5:37  Reaper  
  43  5:41  SCV x2, Reaper  
  47  5:51  Reaper  
  47  5:54  SCV x2  
  47  5:55  Reaper  
  47  5:56  Reaper  
  52  5:58  Supply Depot  
  52  5:59  Reaper  
  52  6:01  Barracks  
  52  6:02  Reaper  
  54  6:08  SCV x2  
  54  6:09  Reaper  
  57  6:13  Reaper  
  58  6:23  Reaper  
  54  6:26  SCV  
  54  6:27  Reaper  
  54  6:28  Reaper  
  54  6:31  SCV, Reaper  
  56  6:37  Command Center  
  56  6:39  Supply Depot  
  57  6:44  SCV x2  
Tags
 
Add a new tag
Caveats
  • Supply blocks, unpowered buildings, or Contaminate may cause inaccurate times.
  • Supply counts are checked every 10 seconds.